 Dungeon Crawl Stone Soup version 0.31-a0-79-g9ec6622867 (webtiles) character file.

Game seed: 7019165999310379712

8 Impy the Poker (level 2, 20/22 HPs)
             Began as a Demonspawn Gladiator on July 11, 2022.
             Quit the game on level 1 of the Dungeon on May 24, 2023.
             The game lasted 00:00:42 (257 turns).

Impy the Poker (Demonspawn Gladiator)                Turns: 257, Time: 00:00:43

Health: 20/22      AC:  4    Str: 14    XL:     2   Next: 0%
Magic:  2/2        EV: 12    Int:  9    God:
Gold:   28         SH:  0    Dex: 14    Spells: 1/1 levels left

rFire   . . .        a - +0 trident
rCold   . . .        (no shield)
rNeg    . . .        b - +0 leather armour
rPois   .            c - +0 helmet
rElec   .            (no cloak)
rCorr   .            (no gloves)
SInv    .            (no boots)
Will    .....        (no amulet)
Stlth   +            (no ring)
HPRegen 0.23/turn    (no ring)
MPRegen 0.08/turn

%: no passive effects
@: no status effects
A: hooves 1
a: no special abilities


You were on level 1 of the Dungeon.
You visited 1 branch of the dungeon, and saw 1 of its levels.

You collected 28 gold pieces.

Inventory:

Hand Weapons
 a - a +0 trident (weapon)
Missiles
 d - 3 throwing nets (quivered)
 e - a javelin
Armour
 b - a +0 leather armour (worn)
 c - a +0 helmet (worn)


   Skills:
 + Level 2.2 Fighting
 + Level 2.9 Polearms
 - Level 1.7 Throwing
 + Level 2.9 Dodging


You had one spell level left.
You didn't know any spells.
Your spell library was empty.

Dungeon Overview and Level Annotations

Branches:
Dungeon (1/15)

Altars:


Innate Abilities, Weirdness & Mutations

You have large cloven feet.


Message History

You kill the endoplasm!
No target in view!
No target in view!
A rat comes into view.
Things that are here:
a +0 club; 2 stones You reach to attack!
You hit the rat.
You kill the rat!
No target in view!
No target in view!
Found a robe.
No target in view!
No target in view!
You see here a +0 robe.
Found a stone staircase leading down.
You now have 28 gold pieces (gained 16).
A kobold and a frilled lizard come into view.
The frilled lizard hisses angrily.
The kobold throws a stone.
The stone hits you.
A kobold comes into view. It is wielding a +0 dagger.
The kobold throws a stone.
The stone misses you.
The frilled lizard attacks as you move away!
The frilled lizard bites you but does no damage.
You hit the frilled lizard.
You kill the frilled lizard!
The kobold throws a stone.
The stone barely misses you.
You reach to attack!
You hit the kobold.
You kill the kobold!
You reach to attack!
You closely miss the kobold. The kobold closely misses you.
You hit the kobold.
You kill the kobold!
You have reached level 2!
You feel monstrous as your demonic heritage exerts itself.
Your demonic ancestry asserts itself...
Your feet thicken and deform.
Saving game... please wait.
Welcome back, Impy the Demonspawn Gladiator.
Press ? for a list of commands and other information.
Are you sure you want to abandon this character and quit the game? (Confirm with "yes".)

#.......#
#.......#
#.......# # #
###...### .# #
#...# #.## ##.##
#...## #.# .....#
#.########....#..
#......@)(.......
##########....#.#
#.....# #..###
.... ##.# #


There were no monsters in sight!

Vanquished Creatures
  An endoplasm (D:1)
  A hobgoblin (D:1)
  3 kobolds (D:1)
  A frilled lizard (D:1)
  2 rats (D:1)
8 creatures vanquished.

Notes
Turn   | Place    | Note
-------+----------+-------------------------------------------
     0 | D:1      | Impy the Demonspawn Gladiator began the quest for the Orb.
     0 | D:1      | Reached XP level 1. HP: 16/16 MP: 1/1
   257 | D:1      | Discovered your monstrous ancestry.
   257 | D:1      | Gained mutation: You have large cloven feet. [demonic
                  | ancestry]
   257 | D:1      | Reached XP level 2. HP: 20/22 MP: 2/2
   257 | D:1      | Upgraded the game from 0.29-a0-825-g72347fce65 to
                  | 0.31-a0-79-g9ec6622867
   257 | D:1      | Quit the game

Illustrated notes

Levels and vault maps discovered:
D:1:      minmay_arrival_stair_chambers, layout_loops_corners,
          nicolae_kite_square_tiling_tiny

Action                     || total
---------------------------++-------
  Melee: Trident           ||    21
 Armour: Leather armour    ||     2
  Dodge: Dodged            ||    10

Table legend: (Time is in decaauts)
 A = Elapsed time spent in this place.
 B = Non-inter-level travel time spent in this place.
 C = Inter-level travel time spent in this place.
 D = Time resting spent in this place.
 E = Time spent auto-exploring this place.
 F = Levels seen in this place.
 G = Mean time per level.
                   A        B        C        D        E       F      G
               +--------+--------+--------+--------+--------+-----+--------+
         Total |    260 |    260 |      0 |      0 |    215 |   1 |  260.0 |
       Dungeon |    260 |    260 |      0 |      0 |    215 |   1 |  260.0 |
               +--------+--------+--------+--------+--------+-----+--------+

Top non-repeatable levels by time:
     D:1: 260 daAuts
